 Dungeon Crawl Stone Soup version 0.30.1-9-gdf580d7c3d (webtiles) character file.

Game seed: 1041946534986579699

33 KittyFluff the Trooper (level 3, 0/34 HPs)
             Began as a Gargoyle Berserker on Oct 5, 2023.
             Was a Believer of Trog.
             Slain by Terence
             ... wielding a +0 flail of protection
              (7 damage)
             ... on level 2 of the Dungeon.
             The game lasted 00:04:10 (927 turns).

KittyFluff the Trooper (Gargoyle Berserker)          Turns: 927, Time: 00:04:11

Health: 0/34       AC:  6    Str: 20    XL:     3   Next: 29%
Magic:  3/3        EV: 12    Int:  7    God:    Trog [**....]
Gold:   69         SH:  0    Dex: 11    Spells: 2/2 levels left

rFire   . . .        a - +0 mace
rCold   . . .        (no shield)
rNeg    + . .        b - +0 animal skin
rPois   ∞            c - +0 helmet
rElec   +            (no cloak)
rCorr   .            (no gloves)
SInv    .            (no boots)
Will    .....        (no amulet) Stlth
                     (no ring)
HPRegen 0.25/turn    (no ring)
MPRegen 0.08/turn

%: no passive effects
@: berserking, very quick
A: sickness immunity, AC +3, negative energy resistance 1, electricity
resistance, torment resistance 1, petrification resistance
a: Renounce Religion, Berserk, Trog's Hand


You were on level 2 of the Dungeon.
You worshipped Trog.
Trog was pleased with you.
You visited 1 branch of the dungeon, and saw 2 of its levels.

You collected 69 gold pieces.

Inventory:

Hand Weapons
 a - a +0 mace (weapon)
Armour
 b - a +0 animal skin (worn)
 c - a +0 helmet (worn)
Scrolls
 d - a scroll of identify {unknown}
Potions
 e - a potion of ambrosia {unknown}


   Skills:
 + Level 3.6 Fighting
 * Level 3.3 Maces & Flails
 * Level 2.8 Armour
 + Level 2.0 Dodging


You had 2 spell levels left.
You didn't know any spells.
Your spell library was empty.

Dungeon Overview and Level Annotations

Branches:
Dungeon (2/15)

Altars:

Annotations:
D:2 Terence


Innate Abilities, Weirdness & Mutations

You are immune to sickness and miasma.
Your stone body is resilient. (AC +3)
You are immune to poison.
You resist negative energy. (rN+)
You are resistant to electric shocks. (rElec)
You are resistant to unholy torment.
You are immune to petrification.


Message History

You see here a ball python corpse.
Found the Codex of the Snake.
You see here the Codex of the Snake.
Found an escape hatch in the ceiling.
There is an escape hatch in the ceiling here.
Terence the Incautious comes into view.
He is wielding a +0 flail of protection.
Terence shouts!
Terence screams, "I'm going to kill you!"
Found 6 gold pieces.
You closely miss Terence. Terence closely misses you.
You barely miss Terence. Terence closely misses you.
You hit Terence but do no damage.
Terence hits you with a +0 flail of protection.
Terence barely misses you.
You closely miss Terence.
Terence hits you with a +0 flail of protection.
You closely miss Terence.
Terence hits you with a +0 flail of protection.
You barely miss Terence.
Terence hits you with a +0 flail of protection.
You completely miss Terence. Terence misses you.
Terence hits you with a +0 flail of protection.
You hit Terence.
Terence is lightly wounded.
Terence says, "Rest in peace."
Terence closely misses you.
You hit Terence.
Terence is heavily wounded.
Terence hits you with a +0 flail of protection!
* * * LOW HITPOINT WARNING * * *
A red film seems to cover your vision as you go berserk!
You feel yourself moving faster!
You feel mighty! Terence completely misses you.
You barely miss Terence.
Terence is moderately wounded.
Terence closely misses you.
You hit Terence.
Terence is heavily wounded.
Terence hits you with a +0 flail of protection!
You die...

.. .# .### .#.## #.#.#
<#.. #.#.# # .#.# #.#.#
#### #.# .#.# #.#.#.#..
...#. ...#
#.#.#.#.####......
...####.#.#.....@@.....#
......#.#.###.####.....#
..|...........# $...#
...##.#.......# ...#
....†.>....#..# ..#
#.###.#.......# .#
......#.......# #
#.#.###..#....#
#(#...#..#....#########


You could see Terence.

Vanquished Creatures
  A dart slug (D:1)
  3 endoplasms (D:1)
  2 giant cockroaches (D:1)
  3 hobgoblins (D:1)
  3 kobolds (D:1)
  7 ball pythons
  A bat (D:1)
  4 frilled lizards
  4 goblins (D:1)
28 creatures vanquished.

Notes
Turn   | Place    | Note
-------+----------+-------------------------------------------
     0 | D:1      | KittyFluff the Gargoyle Berserker began the quest for the
                  | Orb.
     0 | D:1      | Reached XP level 1. HP: 14/14 MP: 1/1
    81 | D:1      | Reached XP level 2. HP: 19/19 MP: 2/2
   318 | D:1      | Found a faded altar of an unknown god.
   553 | D:1      | Reached ** piety under Trog
   554 | D:1      | Reached XP level 3. HP: 23/23 MP: 3/3
   912 | D:2      | Noticed Terence
   927 | D:2      | Slain by Terence

Illustrated notes

Levels and vault maps discovered:
D:1:      dpeg_arrival_round_c, layout_basic,
          dreamdust_ecumenical_altar_hidden_monk_grotto, patterned_corridor
D:2:      layout_basic, uniq_terence

Skill      XL: |  1  2  3 |
---------------+----------+-----
Dodging        | 2 |  2.0
Fighting       | |  3.6
Maces & Flails | |  3.3
Armour         | |  2.8

Action                     || total
---------------------------++-------
  Melee: Mace              ||   100
 Invoke: Berserk           ||     1
 Armour: Animal skin       ||    40
  Dodge: Dodged            ||    69
